 Dungeon Crawl Stone Soup version 0.27.1-33-g824d729ab1 (webtiles) character file.

Game seed: 8918314072428445983

83 belegose the Magician (level 4, -4/33 HPs)
             Began as a Djinni Earth Elementalist on Dec 4, 2021.
             Killed by nerve-wracking pain
             ... invoked by Grinder
              (8 damage)
             ... on level 2 of the Dungeon.
             The game lasted 00:11:44 (2976 turns).

belegose the Magician (Djinni Earth Elementalist)   Turns: 2976, Time: 00:11:45

Health: -4/33      AC:  6    Str:  8    XL:     4   Next: 71%
Gold:   37         EV: 12    Int: 17    God:
                   SH:  0    Dex: 13

rFire    + + .     SeeInvis .   i - +0 mace (holy)
rCold    x . .     Faith    .   (no shield)
rNeg     . . .     Spirit   .   b - +0 robe
rPois    ∞         Reflect  .   (no helmet)
rElec    .         Harm     .   (no cloak)
rCorr    .         Rampage  .   (no gloves)
Will     .....                  (boots unavailable)
Stlth    ++........             (no amulet)
HPRegen  0.11/turn              a - +4 ring of protection
MPRegen  0.00/turn              (no ring)

@: flying
A: sickness immunity, fire resistance 2, cold vulnerability 1, float, innate
caster, hp casting, extra vitality 1
a: no special abilities


You were on level 2 of the Dungeon.
You visited 1 branch of the dungeon, and saw 3 of its levels.

You collected 37 gold pieces.

Inventory:

Hand Weapons
 i - a +0 mace of holy wrath (weapon)
Missiles
 c - 30 stones
 e - 17 poisoned darts (quivered)
Armour
 b - a +0 robe (worn)
Jewellery
 a - a +4 ring of protection (left hand)
Scrolls
 d - a scroll of acquirement {unknown}
 h - a scroll of holy word {unknown}
Potions
 f - 2 potions of curing {unknown}
 g - 2 potions of heal wounds {unknown}


   Skills:
 + Level 2.1 Fighting
 - Level 2.1 Dodging
 + Level 2.6 Stealth
 + Level 3.0 Spellcasting


You couldn't memorise any spells.
You knew the following spells:

 Your Spells              Type           Power      Damage    Failure   Level
a - Sandblast             Erth           24%        2d8       4%          1
b - Passwall              Tmut/Erth      10%        N/A       8%          2
c - Stone Arrow           Conj/Erth      24%        3d8       16%         3
d - Petrify               Tmut/Erth      12%        N/A       45%         4
e - Animate Skeleton      Necr           24%        N/A       4%          1
Your spell library was empty.

Dungeon Overview and Level Annotations

Branches:
Dungeon (3/15)

Altars:

Annotations:
D:2 Grinder
D:3 Sigmund


Innate Abilities, Weirdness & Mutations

You are immune to sickness and miasma.
You are immune to poison.
Your flesh is very heat resistant. (rF++)
You are vulnerable to cold. (rC-)
You float through the air rather than walking.
You learn spells naturally, not from books.
Your magical power is your life essence.
You have superior vitality. (+4 HP)


Message History

You barely resist.
There is an open door here.
There is an open door here.
Grinder gestures at you.
You suddenly lose the ability to move!
Grinder gestures at you. Pain shoots through your body!
You can move again.
Grinder gestures at you.
You suddenly lose the ability to move!
Grinder gestures at you.
You shrug off the repeated paralysis!
Grinder gestures at you. You resist with significant effort.
You can move again.
Unknown command.
Unknown command.
Unknown command.
Unknown command.
Grinder gestures at you.
You shrug off the repeated paralysis!
Grinder gestures at you.
You suddenly lose the ability to move!
Grinder gestures at you. Pain shoots through your body!
Grinder gestures at you.
You shrug off the repeated paralysis!
Grinder gestures at you.
You shrug off the repeated paralysis!
Grinder hits you.
* * * LOW HITPOINT WARNING * * *
You writhe in agony.
* * * LOW HITPOINT WARNING * * *
You can move again.
There is a stone staircase leading down here.
Unknown command.
Unknown command.
Grinder gestures at you. Pain shoots through your body!
You die...

.$....##..............#
####'###.........####.#
####.# #.....g...g#
g....# #..#########
###### ####>...#.....#
#.........###.#
#.###.5.......#
#.#####.#.##.?#
#.#...#.@..#..#
####.....####....#
#..'........#.##.#
#.##........#....#
#>.......#...g.###
###.##......#.## #####
#.##...#....g# ....#
#.##...#.....# ....#
#.#....#####.#


You could see Grinder.

Vanquished Creatures
  5 gnolls
  An ufetubus (D:2)
  A worm (D:2)
  A hobgoblin (D:1)
  4 jackals (D:1)
  A quokka (D:2)
  6 ball pythons
  4 bats
  A frilled lizard (D:3)
  4 goblins
  A rat (D:3)
29 creatures vanquished.

Notes
Turn   | Place    | Note
-------+----------+-------------------------------------------
     0 | D:1      | belegose the Djinni Earth Elementalist began the quest for
                  | the Orb.
     0 | D:1      | Reached XP level 1. HP: 15/15 MP: 0/0
   651 | D:2      | Reached XP level 2. HP: 18/22 MP: 0/0
   814 | D:2      | Reached skill level 1 in Fighting
  1157 | D:2      | Reached XP level 3. HP: 27/27 MP: 0/0
  1157 | D:2      | Learned a level 1 spell: Animate Skeleton
  1241 | D:3      | Noticed Sigmund
  2071 | D:1      | HP: 1/27 [gnoll (6)]
  2376 | D:1      | Reached XP level 4. HP: 28/33 MP: 0/0
  2502 | D:2      | Reached skill level 3 in Spellcasting
  2781 | D:3      | Noticed Grinder
  2950 | D:2      | Paralysed by Grinder for 3 turns
  2956 | D:2      | Paralysed by Grinder for 5 turns
  2966 | D:2      | Paralysed by Grinder for 7 turns
  2976 | D:2      | Killed from afar by Grinder

Illustrated notes

Levels and vault maps discovered:
D:1:      elethiomel_arrival_infinity_welcomes_careful_drivers, layout_rooms
D:2:      layout_basic, serial_bayou_pond_e
D:3:      layout_rooms, vehumet_statue, basic_ecumenical_altar,
          grunt_ministairs_13, uniq_sigmund, uniq_jessica, uniq_grinder

Skill      XL: |  1  2  3  4 |
---------------+-------------+-----
Fighting       | 1 2 |  2.1
Stealth        | 2 |  2.6
Spellcasting   | 3 |  3.0
Dodging        | |  2.1

Action                   |  1- 3 |  4- 6 || total
-------------------------+-------+-------++-------
Melee: Dagger            |    15 |       ||    15
       Mace              |    59 |     1 ||    60
Throw: Dart              |     3 |    21 ||    24
 Cast: Sandblast         |    18 |     6 ||    24
       Animate Skeleton  |     1 |       ||     1
 Stab: Sleeping          |     2 |       ||     2
Armor: Robe              |    75 |     1 ||    76
Dodge: Dodged            |   129 |     7 ||   136
